General information
- name: BNet
- type: Ladder team game (AT/RT)
- host: Battle.net
- saver: PowerOfTheTower
map: HurricaneIsle
- players: 8
- length: 47:15
- speed: Fast
- version: 1.26 W3XP
- replay type: Public
» download(270 KB)
Players
team 1 (winner)
turkeypotpie (
teal | 33 APM | 1567 actions | 47:15)
7 Warden
3 Shadow Strike
3 Blink
1 Fan of Knives
» actions
| Assign group hotkey | 15 | |
| Basic commands | 126 | |
| Build / train | 85 | |
| ESC pressed | 21 | |
| Enter build submenu | 13 | |
| Enter hero's abilities submenu | 9 | |
| Give item / drop item | 23 | |
| Right click | 585 | |
| Select / deselect | 478 | |
| Select group hotkey | 56 | |
| Use ability | 156 | |
1567 total
» units
| Wisp | 15 | |
| Archer | 7 | |
| Hippogryph | 17 | |
| Druid of the Talon | 9 | |
| Goblin Zeppelin | 2 | |
50 total
» upgrades
| Improved Bows | 1 | |
| Hippogryph Taming | 1 | |
| Druid of the Talon Training | 2 | |
| Mark of the Talon | 1 | |
5 total
» buildings
| Altar of Elders | 2 | |
| Moon Well | 5 | |
| Ancient of War | 2 | |
| Tree of Ages | 2 | |
| Ancient of Wind | 2 | |
| Ancient of Wonders | 1 | |
| Tree of Eternity | 1 | |
| Tree of Life | 1 | |
16 total
» build order
00:09 Altar of Elders
00:11 Moon Well
01:33 Ancient of War
02:40 Moon Well
02:42 Tree of Ages
05:07 Ancient of Wind
05:10 Ancient of Wind
05:14 Altar of Elders
05:17 Moon Well
05:18 Moon Well
05:19 Moon Well
06:27 Ancient of War
09:51 Ancient of Wonders
12:22 Tree of Eternity
24:01 Tree of Life
29:32 Tree of Ages
» items
| Potion of Greater Healing | 1 | |
| Gloves of Haste | 1 | |
| Staff of Teleportation | 1 | |
| Orb of Venom | 1 | |
| Tome of Retraining | 1 | |
| Replenishment Potion | 2 | |
| Khadgar's Pipe of Insight | 1 | |
| Legion Doom-Horn | 1 | |
| Cloak of Flames | 1 | |
10 total

»
Openn (
purple | 59 APM | 1475 actions | 24:57)
4 Archmage
2 Summon Water Elemental
2 Brilliance Aura
4 Paladin
2 Holy Light
1 Devotion Aura
1 Divine Shield
4 Mountain King
2 Storm Bolt
2 Bash
» actions
| Assign group hotkey | 10 | |
| Basic commands | 74 | |
| Build / train | 88 | |
| ESC pressed | 1 | |
| Enter build submenu | 33 | |
| Enter hero's abilities submenu | 12 | |
| Give item / drop item | 7 | |
| Right click | 404 | |
| Select / deselect | 512 | |
| Select group hotkey | 236 | |
| Use ability | 97 | |
1475 total
» units
| Peasant | 15 | |
| Goblin Shredder | 1 | |
| Goblin Zeppelin | 11 | |
| Siege Engine | 5 | |
| Flying Machine | 11 | |
43 total
» upgrades
| Masonry | 3 | |
| Barrage | 1 | |
| Gunpowder | 3 | |
| Plating | 3 | |
| Animal War Training | 1 | |
| Flak Cannons | 1 | |
| Flying Machine Bombs | 1 | |
13 total
» buildings
| Farm | 10 | |
| Altar of Kings | 1 | |
| Lumber Mill | 1 | |
| Keep | 1 | |
| Town Hall | 3 | |
| Castle | 1 | |
| Scout Tower | 6 | |
| Guard Tower | 6 | |
| Blacksmith | 1 | |
| Workshop | 3 | |
| Barracks | 1 | |
| Arcane Vault | 1 | |
35 total
» build order
01:21 Farm
01:46 Farm
01:49 Altar of Kings
03:05 Lumber Mill
03:14 Farm
03:19 Keep
03:58 Farm
05:14 Town Hall
05:36 Farm
05:50 Farm
05:54 Castle
06:11 Scout Tower
06:14 Scout Tower
06:16 Scout Tower
06:42 Guard Tower
06:46 Blacksmith
06:48 Guard Tower
07:03 Farm
08:23 Workshop
08:28 Workshop
08:31 Workshop
08:42 Scout Tower
08:48 Guard Tower
08:50 Scout Tower
09:22 Guard Tower
09:24 Scout Tower
10:49 Guard Tower
10:51 Barracks
11:22 Farm
11:23 Guard Tower
11:36 Arcane Vault
12:13 Farm
13:44 Farm
18:43 Town Hall
24:07 Town Hall
» items
| Staff of Teleportation | 2 | |
| Periapt of Vitality | 2 | |
| Scroll of Town Portal | 3 | |
| Boots of Speed | 2 | |
9 total
PowerOfTheTower (
yellow | 81 APM | 3852 actions | 47:15)
5 Blademaster
3 Wind Walk
2 Critical Strike
4 Dark Ranger
2 Black Arrow
2 Life Drain
4 Pandaren Brewmaster
2 Breath of Fire
2 Drunken Haze
» actions
| Assign group hotkey | 73 | |
| Basic commands | 552 | |
| Build / train | 128 | |
| ESC pressed | 21 | |
| Enter build submenu | 46 | |
| Enter hero's abilities submenu | 13 | |
| Give item / drop item | 25 | |
| Remove unit from queue | 1 | |
| Right click | 1190 | |
| Select / deselect | 725 | |
| Select group hotkey | 886 | |
| Use ability | 191 | |
3852 total
» units
| Peon | 18 | |
| Grunt | 9 | |
| Troll Batrider | 22 | |
| Goblin Zeppelin | 5 | |
| Wind Rider | 12 | |
| Goblin Shredder | 1 | |
| Acolyte | 1 | |
68 total
» upgrades
| Berserker Strength | 1 | |
| Armor | 3 | |
| Troll Regeneration | 1 | |
| Ranged Weapons | 3 | |
| Spiked Barricades | 3 | |
| Reinforced Defenses | 1 | |
| Liquid Fire | 1 | |
| Envenomed Spears | 1 | |
| Melee Weapons | 3 | |
| Pillage | 1 | |
| Backpack | 1 | |
| Ensnare | 1 | |
| Berserker Upgrade | 1 | |
| Burning Oil | 1 | |
| War Drums Damage Increase | 1 | |
23 total
» buildings
| Altar of Storms | 2 | |
| Orc Burrow | 7 | |
| Barracks | 1 | |
| Voodoo Lounge | 2 | |
| Stronghold | 1 | |
| War Mill | 1 | |
| Great Hall | 2 | |
| Beastiary | 4 | |
| Watch Tower | 24 | |
| Fortress | 1 | |
45 total
» build order
00:04 Altar of Storms
00:07 Altar of Storms
00:08 Orc Burrow
00:57 Barracks
01:27 Orc Burrow
02:09 Voodoo Lounge
03:19 Stronghold
03:34 Orc Burrow
05:00 Orc Burrow
05:19 War Mill
06:20 Great Hall
06:43 Beastiary
06:47 Beastiary
07:23 Watch Tower
07:25 Watch Tower
08:58 Watch Tower
09:02 Watch Tower
10:41 Fortress
12:13 Watch Tower
12:20 Watch Tower
12:35 Watch Tower
14:54 Great Hall
15:22 Orc Burrow
17:24 Orc Burrow
17:31 Watch Tower
17:36 Watch Tower
18:51 Watch Tower
18:53 Watch Tower
18:57 Voodoo Lounge
19:45 Beastiary
21:53 Orc Burrow
25:56 Beastiary
26:00 Watch Tower
26:03 Watch Tower
26:07 Watch Tower
26:10 Watch Tower
26:15 Watch Tower
26:17 Watch Tower
26:23 Watch Tower
26:25 Watch Tower
26:26 Watch Tower
26:41 Watch Tower
26:45 Watch Tower
26:46 Watch Tower
30:28 Watch Tower
» items
| Healing Salve | 3 | |
| Claws of Attack +9 | 1 | |
| Boots of Speed | 1 | |
| Staff of Teleportation | 1 | |
| Orb of Lightning | 2 | |
| Potion of Healing | 2 | |
| Scroll of Town Portal | 5 | |
| Lesser Clarity Potion | 1 | |
16 total

»
eragorn (
orange | 45 APM | 1649 actions | 37:02)
6 Death Knight
2 Death Coil
1 Death Pact
2 Unholy Aura
1 Animate Dead
6 Dreadlord
2 Vampiric Aura
2 Sleep
1 Carrion Swarm
1 Inferno
» actions
| Assign group hotkey | 153 | |
| Basic commands | 1 | |
| Build / train | 95 | |
| Enter build submenu | 31 | |
| Enter hero's abilities submenu | 12 | |
| Give item / drop item | 2 | |
| Right click | 705 | |
| Select / deselect | 366 | |
| Select group hotkey | 191 | |
| Use ability | 93 | |
1649 total
» units
| Acolyte | 12 | |
| Ghoul | 8 | |
| Crypt Fiend | 7 | |
| Goblin Shredder | 1 | |
| Goblin Zeppelin | 1 | |
| Frost Wyrm | 12 | |
| Flying Machine | 9 | |
50 total
» upgrades
| Web | 1 | |
| Creature Attack | 2 | |
| Creature Carapace | 1 | |
| Freezing Breath | 1 | |
5 total
» buildings
| Ziggurat | 17 | |
| Crypt | 2 | |
| Graveyard | 1 | |
| Altar of Darkness | 1 | |
| Tomb of Relics | 2 | |
| Nerubian Tower | 3 | |
| Halls of the Dead | 2 | |
| Spirit Tower | 9 | |
| Black Citadel | 2 | |
| Sacrificial Pit | 1 | |
| Boneyard | 4 | |
| Necropolis | 2 | |
46 total
» build order
00:45 Ziggurat
00:58 Crypt
01:09 Graveyard
01:16 Altar of Darkness
01:23 Ziggurat
02:08 Tomb of Relics
02:16 Nerubian Tower
03:15 Ziggurat
05:40 Halls of the Dead
06:04 Ziggurat
07:38 Spirit Tower
08:05 Black Citadel
08:14 Sacrificial Pit
10:58 Boneyard
11:00 Boneyard
11:01 Boneyard
11:06 Ziggurat
11:08 Ziggurat
11:16 Boneyard
11:37 Ziggurat
11:40 Ziggurat
12:42 Ziggurat
12:46 Ziggurat
12:49 Spirit Tower
12:50 Nerubian Tower
12:52 Spirit Tower
14:40 Necropolis
14:45 Spirit Tower
15:12 Necropolis
15:40 Spirit Tower
16:49 Ziggurat
16:51 Ziggurat
16:52 Ziggurat
16:54 Ziggurat
16:56 Tomb of Relics
17:07 Halls of the Dead
17:46 Crypt
17:49 Ziggurat
17:50 Spirit Tower
17:52 Spirit Tower
17:53 Nerubian Tower
18:13 Spirit Tower
22:30 Spirit Tower
25:43 Black Citadel
25:48 Ziggurat
25:54 Ziggurat
» items
| Rod of Necromancy | 1 | |
| Sacrificial Skull | 1 | |
| Orb of Corruption | 1 | |
| Scroll of Town Portal | 5 | |
| Potion of Healing | 1 | |
| Scroll of Healing | 1 | |
10 total
team 2 (loser)

»
Flareblitz (
red | 34 APM | 957 actions | 28:17)
2 Far Seer
1 Far Sight
1 Feral Spirit
» actions
| Assign group hotkey | 19 | |
| Build / train | 87 | |
| Enter build submenu | 25 | |
| Enter hero's abilities submenu | 4 | |
| Right click | 376 | |
| Select / deselect | 338 | |
| Select group hotkey | 42 | |
| Use ability | 66 | |
957 total
» units
| Peon | 13 | |
| Troll Batrider | 61 | |
| Goblin Zeppelin | 1 | |
| Wind Rider | 1 | |
76 total
» upgrades
| Ranged Weapons | 3 | |
| Armor | 1 | |
| Liquid Fire | 1 | |
5 total
» buildings
| Orc Burrow | 5 | |
| War Mill | 2 | |
| Altar of Storms | 1 | |
| Stronghold | 1 | |
| Beastiary | 4 | |
| Fortress | 1 | |
| Voodoo Lounge | 2 | |
| Watch Tower | 5 | |
21 total
» build order
00:36 Orc Burrow
01:26 War Mill
01:31 War Mill
01:40 Altar of Storms
02:48 Stronghold
03:16 Orc Burrow
04:29 Orc Burrow
05:12 Beastiary
05:15 Beastiary
05:20 Beastiary
05:28 Beastiary
05:49 Fortress
06:26 Voodoo Lounge
06:28 Voodoo Lounge
07:41 Orc Burrow
08:53 Orc Burrow
15:20 Watch Tower
15:23 Watch Tower
15:26 Watch Tower
15:29 Watch Tower
15:41 Watch Tower
» items
im-in-da-house (
green | 50 APM | 1417 actions | 28:10)
5 Priestess of the Moon
3 Trueshot Aura
1 Scout
1 Searing Arrows
4 Keeper of the Grove
2 Entangling Roots
2 Force of Nature
» actions
| Assign group hotkey | 23 | |
| Basic commands | 42 | |
| Build / train | 73 | |
| Enter build submenu | 28 | |
| Enter hero's abilities submenu | 9 | |
| Give item / drop item | 5 | |
| Remove unit from queue | 2 | |
| Right click | 744 | |
| Select / deselect | 335 | |
| Select group hotkey | 92 | |
| Use ability | 64 | |
1417 total
» units
| Wisp | 18 | |
| Archer | 7 | |
| Goblin Shredder | 1 | |
| Goblin Zeppelin | 3 | |
| Chimaera | 5 | |
| Hippogryph | 7 | |
| Siege Engine | 1 | |
42 total
» upgrades
| Strength of the Wild | 3 | |
| Reinforced Hides | 3 | |
| Nature's Blessing | 1 | |
| Corrosive Breath | 1 | |
| Well Spring | 1 | |
| Ultravision | 1 | |
| Moon Armor | 0 | |
10 total
» buildings
| Moon Well | 10 | |
| Altar of Elders | 1 | |
| Ancient of War | 2 | |
| Tree of Ages | 1 | |
| Hunter's Hall | 1 | |
| Tree of Eternity | 1 | |
| Ancient of Wind | 3 | |
| Tree of Life | 2 | |
| Chimaera Roost | 3 | |
| Ancient of Wonders | 1 | |
25 total
» build order
00:52 Moon Well
01:08 Altar of Elders
01:25 Ancient of War
02:07 Moon Well
03:01 Ancient of War
03:25 Moon Well
04:24 Tree of Ages
05:02 Moon Well
05:44 Hunter's Hall
06:39 Moon Well
06:41 Moon Well
06:46 Moon Well
06:59 Tree of Eternity
08:09 Moon Well
08:17 Ancient of Wind
09:05 Moon Well
10:00 Tree of Life
11:58 Chimaera Roost
12:04 Chimaera Roost
12:17 Chimaera Roost
15:59 Ancient of Wind
17:04 Ancient of Wind
18:13 Moon Well
18:41 Ancient of Wonders
27:09 Tree of Life
» items
| Boots of Speed | 1 | |
| Scroll of Protection | 1 | |
| Scroll of Healing | 1 | |
| Staff of Teleportation | 1 | |
| Scroll of Town Portal | 2 | |
6 total
rodgotpinkmad (
blue | 50 APM | 2376 actions | 47:15)
7 Tauren Chieftain
3 War Stomp
3 Endurance Aura
1 Reincarnation
4 Shadow Hunter
2 Hex
2 Healing Wave
1 Blood Mage
1 Flame Strike
» actions
| Assign group hotkey | 35 | |
| Basic commands | 2 | |
| Build / train | 97 | |
| Enter build submenu | 36 | |
| Enter hero's abilities submenu | 12 | |
| Give item / drop item | 4 | |
| Right click | 876 | |
| Select / deselect | 467 | |
| Select group hotkey | 588 | |
| Use ability | 259 | |
2376 total
» units
| Peon | 17 | |
| Troll Headhunter/Berserker | 4 | |
| Goblin Shredder | 2 | |
| Goblin Zeppelin | 7 | |
| Siege Engine | 2 | |
| Wind Rider | 3 | |
| Troll Batrider | 6 | |
| Shaman | 1 | |
| Chimaera | 2 | |
| Demolisher | 2 | |
46 total
» upgrades
| Ranged Weapons | 3 | |
| Armor | 3 | |
| Reinforced Defenses | 2 | |
| Berserker Upgrade | 1 | |
| Troll Regeneration | 1 | |
| Burning Oil | 1 | |
| Envenomed Spears | 1 | |
| Liquid Fire | 1 | |
| Shaman Training | 2 | |
| Witch Doctor Training | 2 | |
| Melee Weapons | 1 | |
18 total
» buildings
| Orc Burrow | 8 | |
| Barracks | 3 | |
| War Mill | 1 | |
| Altar of Storms | 1 | |
| Voodoo Lounge | 2 | |
| Stronghold | 1 | |
| Great Hall | 3 | |
| Watch Tower | 77 | |
| Fortress | 1 | |
| Beastiary | 4 | |
| Spirit Lodge | 2 | |
| Ancient Protector | 4 | |
107 total
» build order
00:12 Orc Burrow
01:03 Barracks
01:12 Orc Burrow
01:16 Barracks
01:33 War Mill
01:59 Altar of Storms
03:02 Voodoo Lounge
03:32 Orc Burrow
04:38 Stronghold
07:04 Great Hall
07:07 Watch Tower
07:07 Watch Tower
07:09 Watch Tower
07:09 Watch Tower
07:12 Watch Tower
07:12 Watch Tower
07:13 Watch Tower
07:16 Watch Tower
07:18 Watch Tower
07:19 Watch Tower
07:20 Watch Tower
07:21 Watch Tower
07:22 Watch Tower
07:23 Watch Tower
08:13 Watch Tower
08:15 Watch Tower
08:18 Watch Tower
08:30 Watch Tower
09:22 Fortress
09:30 Watch Tower
09:43 Watch Tower
10:37 Watch Tower
10:37 Watch Tower
10:39 Watch Tower
10:40 Watch Tower
10:41 Watch Tower
10:42 Watch Tower
10:42 Watch Tower
12:38 Watch Tower
12:39 Watch Tower
12:40 Watch Tower
12:40 Watch Tower
12:41 Watch Tower
12:41 Watch Tower
12:41 Watch Tower
12:44 Watch Tower
12:46 Watch Tower
12:49 Watch Tower
15:15 Great Hall
15:19 Watch Tower
15:19 Watch Tower
15:20 Watch Tower
15:21 Watch Tower
15:22 Watch Tower
15:29 Watch Tower
15:31 Watch Tower
15:32 Watch Tower
15:32 Watch Tower
15:35 Watch Tower
15:35 Watch Tower
15:36 Watch Tower
15:36 Watch Tower
16:15 Watch Tower
16:16 Watch Tower
16:16 Watch Tower
16:21 Orc Burrow
16:22 Orc Burrow
16:23 Orc Burrow
17:54 Watch Tower
17:55 Watch Tower
18:07 Barracks
18:38 Orc Burrow
18:39 Orc Burrow
18:47 Watch Tower
18:47 Watch Tower
20:30 Watch Tower
20:31 Watch Tower
20:32 Watch Tower
20:37 Watch Tower
20:38 Watch Tower
20:38 Watch Tower
20:38 Watch Tower
22:21 Beastiary
22:22 Beastiary
22:23 Beastiary
24:19 Beastiary
26:20 Voodoo Lounge
26:33 Spirit Lodge
26:33 Spirit Lodge
26:49 Great Hall
26:51 Watch Tower
26:51 Watch Tower
26:51 Watch Tower
26:51 Watch Tower
26:52 Watch Tower
26:53 Watch Tower
26:53 Watch Tower
26:53 Watch Tower
26:54 Watch Tower
26:55 Watch Tower
26:55 Watch Tower
29:11 Watch Tower
29:12 Watch Tower
29:21 Ancient Protector
29:22 Ancient Protector
29:22 Ancient Protector
29:22 Ancient Protector
» items
| Healing Salve | 4 | |
| Lesser Clarity Potion | 1 | |
| Scroll of Town Portal | 6 | |
| Staff of Teleportation | 1 | |
| Orb of Lightning | 2 | |
| Potion of Healing | 1 | |
| Potion of Mana | 1 | |
16 total
Arctican (
pink | 40 APM | 853 actions | 21:04)
4 Blood Mage
2 Banish
2 Siphon Mana
» actions
| Assign group hotkey | 22 | |
| Basic commands | 15 | |
| Build / train | 62 | |
| Enter build submenu | 44 | |
| Enter hero's abilities submenu | 4 | |
| Remove unit from queue | 5 | |
| Right click | 260 | |
| Select / deselect | 293 | |
| Select group hotkey | 54 | |
| Use ability | 94 | |
853 total
» units
| Peasant | 13 | |
| Footman | 5 | |
| Goblin Shredder | 1 | |
| Gryphon Rider | 12 | |
| Goblin Zeppelin | 3 | |
| Siege Engine | -3 | |
31 total
» upgrades
| Defend | 1 | |
| Barrage | 1 | |
| Storm Hammers | 1 | |
| Fragmentation Shards | 1 | |
| Masonry | 3 | |
| Lumber Harvesting | 1 | |
8 total
» buildings
| Altar of Kings | 1 | |
| Farm | 12 | |
| Barracks | 2 | |
| Lumber Mill | 2 | |
| Keep | 1 | |
| Scout Tower | 27 | |
| Blacksmith | 1 | |
| Arcane Vault | 2 | |
| Guard Tower | 4 | |
| Castle | 1 | |
| Workshop | 4 | |
| Gryphon Aviary | 2 | |
| Town Hall | 2 | |
| Cannon Tower | 7 | |
68 total
» build order
00:16 Altar of Kings
00:23 Farm
00:58 Barracks
01:09 Barracks
01:13 Farm
01:50 Lumber Mill
02:18 Farm
02:21 Farm
03:33 Keep
03:38 Scout Tower
03:39 Scout Tower
03:45 Blacksmith
04:38 Scout Tower
04:39 Scout Tower
04:40 Scout Tower
04:41 Scout Tower
04:55 Arcane Vault
04:58 Arcane Vault
05:07 Farm
05:09 Farm
05:36 Farm
05:37 Farm
06:42 Guard Tower
06:44 Castle
07:24 Scout Tower
07:25 Scout Tower
07:30 Workshop
07:32 Workshop
07:39 Scout Tower
07:41 Scout Tower
07:59 Gryphon Aviary
08:41 Town Hall
08:52 Scout Tower
08:53 Scout Tower
08:54 Scout Tower
08:55 Scout Tower
08:56 Scout Tower
08:56 Scout Tower
08:58 Scout Tower
08:58 Scout Tower
09:31 Lumber Mill
09:48 Cannon Tower
10:09 Gryphon Aviary
10:17 Cannon Tower
10:32 Cannon Tower
11:31 Workshop
12:50 Cannon Tower
13:27 Workshop
13:34 Farm
13:38 Farm
13:40 Farm
13:46 Farm
15:45 Cannon Tower
15:46 Cannon Tower
15:48 Guard Tower
17:56 Town Hall
18:02 Scout Tower
18:04 Scout Tower
18:06 Scout Tower
18:08 Scout Tower
18:08 Scout Tower
18:12 Scout Tower
18:14 Scout Tower
18:15 Scout Tower
18:16 Scout Tower
20:42 Guard Tower
20:44 Guard Tower
20:46 Cannon Tower
Chat log
(00:19 / All) PowerOfTheTower: Hurricane Isle
(00:19 / Allies) turkeypotpie: havent gotten hurry isle in ages
(00:20 / All) PowerOfTheTower: fuck yeah
(02:06 / Allies) Openn: choppers
(06:06 / All) Openn: hi
(10:46 / Allies) turkeypotpie: fucking bats
(11:43 / All) Openn: hi
(18:17 / Allies) Openn: wood?
(20:17 / Allies) eragorn: send a wisp to cemnter teal
(21:04 / Allies) Openn: elf
(22:17 / Allies) PowerOfTheTower: wood please
(22:22 / Allies) eragorn: lets hit red?
(22:33 / Allies) PowerOfTheTower: finish pink imo
(24:57 / Allies) eragorn: who got him if he drops??
(26:36 / Allies) eragorn: yellow lets hit
(26:48 / Allies) PowerOfTheTower: where?
(32:39 / Allies) eragorn: yellow lets finish this
(32:40 / Allies) eragorn: wtf
(32:48 / Allies) PowerOfTheTower: TEAL
(32:50 / Allies) PowerOfTheTower: YOU FUCKING
(32:51 / All) PowerOfTheTower: STABBER
(32:59 / All) PowerOfTheTower: TEAL USED PURPS TANKS
(33:00 / Allies) eragorn: cmone wtf we came so far
(33:09 / Allies) PowerOfTheTower: teal is a stabber
(33:11 / Allies) PowerOfTheTower: we need to kill him
(34:00 / Allies) eragorn: yellow control middle
(34:32 / Allies) eragorn: out
(34:33 / Allies) eragorn: for now
(34:52 / All) rodgotpinkmad: can u losers leave
(34:53 / All) rodgotpinkmad: plz
(35:36 / Allies) eragorn: yellow man u must have been raped by ur dad
(35:42 / Allies) eragorn: when you were young to be this angry
(35:48 / Allies) eragorn: really
(36:09 / Allies) eragorn: your dad ass fucked you at night?
(36:16 / Allies) PowerOfTheTower: yes
(36:22 / Allies) eragorn: gave you this mych anger?
(36:27 / Allies) PowerOfTheTower: no, I enjoyed it
(36:34 / Allies) eragorn: man see a shrink its bad really bad
(36:46 / Allies) eragorn: i can see after a while you started sucking his dick at night?
(36:52 / Allies) PowerOfTheTower: i see
(36:58 / Allies) eragorn: cause your an angry person
(37:23 / All) rodgotpinkmad: time for you to leave teal
(37:37 / All) turkeypotpie: so blues friend and you need to bs to help him win, gotcha
(37:41 / All) turkeypotpie: ill let you kill everything
(37:43 / All) rodgotpinkmad: i already beat u
(37:44 / All) rodgotpinkmad: fool
(37:46 / All) turkeypotpie: im patient
(37:47 / All) rodgotpinkmad: i 1v4'd u guys
(38:31 / All) turkeypotpie: finally decided to unsummon
(38:32 / All) turkeypotpie: gj
(38:44 / All) PowerOfTheTower: I had to build an aco at his main first
(38:44 / All) rodgotpinkmad: teal u try way too hard
(38:45 / All) PowerOfTheTower: He had none
(38:57 / All) turkeypotpie: yes, getting pretty much warden only is so hard
(39:21 / All) turkeypotpie: why didnt you let red hlep you
(39:28 / All) rodgotpinkmad: the only reason i let your warden live in early game was to give you confidence
(39:29 / All) turkeypotpie: ill die faster that way
(39:36 / All) turkeypotpie: lol, ok
(39:59 / All) rodgotpinkmad: i beat you guys 1v3
(40:03 / All) rodgotpinkmad: i didtn even use red or pink or green
(40:05 / All) turkeypotpie: you havent bsed with purp again for a while
(40:19 / All) rodgotpinkmad: i can tell teal is upset
(40:22 / All) turkeypotpie: and it was a 2v2
(40:28 / All) PowerOfTheTower: We don't play 2v2s, joke is on you
(40:28 / All) turkeypotpie: im actually fine
(40:42 / All) rodgotpinkmad: teal i have played thousands of 4v4rt games, trust me, i know you're upset
(40:42 / All) turkeypotpie: im used to people sucking in 4'
(40:43 / Allies) turkeypotpie: s
(40:48 / All) turkeypotpie: kk
(41:01 / All) turkeypotpie: i usually go on ellipsis to do my bs stuff
(41:09 / All) rodgotpinkmad: my expertise is the pyscology of 4v4rt personality
(41:16 / All) rodgotpinkmad: ellipsis?
(41:19 / All) turkeypotpie: kk, well im solo/2's
(41:21 / All) turkeypotpie: yea
(41:28 / All) rodgotpinkmad: is that a drug?
(41:28 / All) turkeypotpie: thats my normal bs account
(41:35 / All) turkeypotpie: its actually my aka
(41:40 / All) turkeypotpie: but it is ...
(41:43 / All) turkeypotpie: 3 periods
(41:47 / All) PowerOfTheTower: blue's aka is KODOS_FORSAKEN
(41:48 / All) rodgotpinkmad: ive never played u in 4v4 on east.
(41:50 / All) PowerOfTheTower: I am his brother
(41:51 / All) rodgotpinkmad: maybe i have
(41:52 / All) turkeypotpie: lol
(41:55 / All) turkeypotpie: kodos sucks
(42:02 / All) PowerOfTheTower: he raped you 1v4 here
(42:04 / All) turkeypotpie: fierce kicks his ass
(42:18 / All) PowerOfTheTower: I only played one game with fierce in ladder. he just went afk for 5 mins and left
(42:34 / All) turkeypotpie: you guys going to 1v1 now?
(42:42 / All) PowerOfTheTower: we cannot stab in it so no
(42:57 / All) rodgotpinkmad: we were gonna make a standoff, mexican standoff that is
(42:58 / All) turkeypotpie: so a standoff of nothingness?
(42:58 / All) rodgotpinkmad: but my team left
(43:31 / All) turkeypotpie: if you are kodos then you must have got angry that you couldnt tower rush
(43:32 / All) PowerOfTheTower: Should I start killing my shit? Teal is tryhard and will never leave
(43:34 / All) rodgotpinkmad: everybody says kodos suck yet those same people could only dream of getting a 1200-700 solo record
(43:41 / All) turkeypotpie: yea, im being stubborn
(43:49 / All) turkeypotpie: its fun
(44:15 / All) turkeypotpie: i had lotsa lumber
(44:44 / All) turkeypotpie: yellow you missed purps heros, im bringing em to ya
(44:51 / All) PowerOfTheTower: lol
(44:51 / All) turkeypotpie: or do you want them blue?
(44:53 / All) rodgotpinkmad: how come i never played elipsis before
(44:59 / All) turkeypotpie: dunno
(45:06 / All) rodgotpinkmad: high ell?
(45:09 / All) turkeypotpie: hell no
(45:39 / All) rodgotpinkmad: you play any sc2? we really hate 4v4 in it
(45:44 / All) PowerOfTheTower: sc2 sucks balls
(46:40 / All) PowerOfTheTower: 1 building
(46:45 / All) turkeypotpie: you forgot burrow by shop
(46:51 / All) PowerOfTheTower: no shit, last building
(46:52 / All) turkeypotpie: gg
(46:53 / All) PowerOfTheTower: any last words?
(47:13 / All) PowerOfTheTower: bye